Map: Romanticide LE

Players

HeroMarine - Winner!

  • Race: Terran Terran
  • Spawn Location: 11:00

AGOElazer (Elazer)

  • Race: Zerg Zerg
  • League: Grandmaster
  • Spawn Location: 5:00

Event: StayAtHome Story Cup #3

VOD

Have the link to the VOD?

Description

Time

  • Played on: March 11, 2021, 8:11 a.m.
  • Length: 11:42

All games in this series

Show
View Real Time Build Order
Export as new Build Order

HeroMarine Terran - Winner!

Build Orders: Reaper Expand 

Get SALT Encoding   

  12  0:00  SCV  
  13  0:12  SCV  
  14  0:17  Supply Depot  
  14  0:24  SCV  
  15  0:39  SCV  
  15  0:40  Barracks  
  16  0:44  Refinery  
  16  0:51  SCV  
  17  1:03  SCV  
  18  1:15  SCV  
  19  1:27  Orbital Command, Reaper  
  20  1:38  Command Center  
  20  1:46  Supply Depot  
  20  1:52  SCV  
  21  1:59  Marine  
  22  2:05  SCV  
  22  2:08  Factory  
  23  2:17  SCV  
  23  2:22  Barracks Reactor  
  24  2:29  SCV  
  25  2:39  Command Center  
  25  2:41  SCV  
  26  2:50  Orbital Command  
  26  2:53  SCV  
  26  2:57  Barracks  
  27  3:03  Barracks Tech Lab  
  27  3:05  SCV, Hellion  
  30  3:10  Hellion  
  32  3:16  SCV  
  32  3:17  SCV  
  34  3:25  Marine, Stimpack  
  35  3:28  Refinery, SCV  
  35  3:29  SCV  
  37  3:40  SCV  
  38  3:41  SCV  
  38  3:43  Marine  
  38  3:46  Starport  
  40  3:51  Marine x2  
  40  3:52  Orbital Command, SCV  
  40  3:53  SCV  
  44  3:57  Factory Reactor  
  44  4:00  Marine  
  45  4:03  Supply Depot  
  45  4:04  SCV  
  45  4:08  Refinery, SCV, Marine  
  45  4:09  Marine  
  49  4:16  SCV  
  50  4:18  SCV, Marine  
  50  4:20  SCV  
  53  4:25  Supply Depot  
  53  4:26  Marine x2  
  53  4:28  SCV  
  53  4:30  SCV  
  57  4:32  SCV  
  57  4:36  Marine  
  59  4:39  Medivac x2  
  59  4:40  SCV  
  59  4:41  Factory Tech Lab  
  59  4:42  SCV  
  59  4:44  Marine  
  66  4:46  SCV  
  66  4:48  Supply Depot  
  66  4:50  Refinery, Marine  
  66  4:51  Orbital Command  
  68  4:54  SCV  
  68  4:56  Engineering Bay  
  68  4:57  Engineering Bay, Marine  
  68  4:58  SCV  
  71  5:00  Siege Tank  
  71  5:02  Marine  
  71  5:07  SCV  
  76  5:09  Barracks  
  76  5:10  SCV  
  76  5:11  Combat Shield  
  77  5:17  Marine x2  
  77  5:19  SCV x2, Starport Reactor  
  77  5:20  Marine  
  82  5:23  SCV, Terran Infantry Weapons Level 1  
  82  5:26  Supply Depot  
  82  5:29  Supply Depot  
  82  5:31  SCV, Supply Depot  
  82  5:34  Terran Infantry Armor Level 1, Marine  
  84  5:37  Marine  
  85  5:46  Supply Depot  
  85  5:47  Marine  
  85  5:48  SCV x2  
  85  5:49  Siege Tank  
  91  5:52  Marine  
  91  5:53  SCV, Supply Depot  
  91  5:54  Marine  
  91  5:56  Supply Depot  
  94  6:00  SCV x2  
  90  6:05  SCV, Marine  
  90  6:07  Marine x2  
  90  6:10  Marine, Supply Depot  
  95  6:11  Medivac x2  
  95  6:13  SCV x2  
  95  6:16  Marine  
  95  6:18  SCV  
  102  6:23  Marine  
  102  6:25  SCV x2, Marine x2  
  106  6:28  Marine  
  106  6:30  Siege Tank  
  111  6:33  Marine, Supply Depot  
  111  6:37  Armory  
  112  6:41  Marine  
  112  6:43  Marine x2  
  112  6:46  Marine  
  116  6:47  Medivac  
  116  6:48  Barracks  
  116  6:49  Barracks  
  116  6:51  Marine  
  118  6:59  Marine  
  118  7:00  Medivac  
  118  7:01  Marine x2  
  123  7:03  Marine  
  123  7:04  Refinery  
  123  7:07  Supply Depot  
  124  7:09  Marine  
  124  7:11  Supply Depot  
  124  7:15  Command Center  
  125  7:16  Marine  
  125  7:17  Siege Tank  
  125  7:18  Marine x2  
  125  7:21  Marine  
  132  7:26  Terran Infantry Weapons Level 2  
  132  7:27  Marine  
  133  7:33  SCV x3  
  133  7:34  Factory, Marine, Medivac  
  133  7:36  Marine x2  
  141  7:39  Barracks Reactor x2, Marine  
  141  7:42  Refinery  
  142  7:45  Marine  
  142  7:46  Supply Depot  
  142  7:51  Siege Tank  
  146  7:52  Marine  
  146  7:54  Marine x2  
  146  7:57  Marine, Medivac  
  150  8:02  Marine  
  151  8:10  Marine  
  151  8:12  Marine x2  
  149  8:13  Terran Vehicle And Ship Armor Level 1  
  149  8:14  Barracks  
  149  8:15  Barracks x2, Marine  
  149  8:16  Medivac  
  149  8:17  Drilling Claws  
  150  8:20  Marine, Factory Reactor  
  150  8:22  Marine x2  
  150  8:23  Widow Mine, Marine x2  
  157  8:28  Marine  
  157  8:30  Marine  
  157  8:31  SCV x3  
  157  8:32  Terran Infantry Armor Level 2  
  161  8:36  Marine x2  
  161  8:38  Marine  
  161  8:40  Marine  
  162  8:43  SCV x2  
  162  8:47  Marine x4  
  170  8:48  Widow Mine  
  170  8:52  Medivac x2  
  170  8:55  Planetary Fortress  
  174  8:56  Marine  
  174  8:57  Marine x2  
  174  9:00  Marine x2  
  179  9:05  Marine x2  
  179  9:06  Marine  
  179  9:07  Widow Mine x2  
  179  9:08  Marine  
  187  9:14  Barracks Tech Lab x3, Marine  
  188  9:20  Factory  
  188  9:24  Supply Depot  
  188  9:25  SCV x3  
  188  9:27  Sensor Tower  
  188  9:30  Siege Tank  
  196  9:31  Marauder  
  196  9:38  Marine x2  
  186  9:41  Marine x4  
  186  9:42  Marauder  
  177  9:46  Marauder x2  
  177  9:48  Medivac  
  177  9:51  Medivac  
  177  9:52  Marine  
  180  9:53  Marauder  
  180  9:55  Marine  
  180  9:59  Widow Mine x2  
  183  10:04  Marauder  
  182  10:07  Marauder  
  182  10:08  Marauder  
  182  10:09  Marine  
  182  10:10  Marine x2  
  191  10:14  Marauder  
  191  10:15  Marine x2  
  191  10:19  Marine x2  
  195  10:25  Widow Mine x2  
  195  10:26  Factory Tech Lab  
  195  10:35  Marine  
  195  10:39  Marine x2  
  195  10:41  Widow Mine, Medivac  
  195  10:42  Marine  
  186  10:43  Marine  
  186  10:45  Marauder x2, Marine x2  
  186  10:46  Widow Mine  
  186  10:47  Widow Mine  
  186  10:48  Widow Mine  
  186  10:49  Command Center  
  199  10:50  Marauder  
  199  10:52  Marine  
  199  10:53  Concussive Shells  
  196  11:04  Marauder  
  196  11:06  Marauder  
  190  11:15  Marauder, Marine  
  160  11:19  Marauder, Marine  
  160  11:20  Marine  
  160  11:24  Marine x4  
Show
View Real Time Build Order
Export as new Build Order

AGOElazer Zerg 

Build Orders: Hatch First 

Get SALT Encoding   

  12  0:00  Drone  
  13  0:12  Overlord  
  13  0:16  Drone  
  14  0:30  Drone x2  
  16  0:47  Hatchery  
  15  0:50  Drone  
  15  0:54  Drone  
  17  0:57  Drone  
  18  1:07  Extractor  
  17  1:12  Spawning Pool  
  17  1:15  Drone  
  17  1:18  Drone  
  18  1:27  Drone  
  19  1:38  Drone  
  20  1:49  Overlord  
  20  1:59  Queen x2  
  20  2:00  Zergling x4  
  26  2:10  Drone  
  26  2:12  Drone  
  28  2:22  Drone x2  
  30  2:30  Hatchery  
  30  2:31  Drone  
  30  2:33  Drone  
  31  2:40  Metabolic Boost  
  31  2:44  Queen  
  31  2:49  Overlord  
  33  2:53  Drone x2  
  33  2:56  Drone  
  36  3:05  Overlord  
  36  3:08  Drone  
  36  3:09  Queen  
  36  3:12  Drone  
  40  3:15  Drone x2  
  42  3:21  Queen  
  42  3:26  Drone x2  
  47  3:27  Drone  
  47  3:30  Overlord  
  47  3:37  Drone  
  48  3:41  Drone x3  
  48  3:44  Queen  
  53  3:48  Zergling x4  
  53  3:54  Zergling x2  
  53  3:55  Zergling x4  
  58  4:01  Drone x3  
  61  4:03  Drone  
  61  4:04  Drone  
  63  4:10  Overlord  
  63  4:15  Drone x3  
  65  4:23  Overlord  
  65  4:28  Drone x5  
  65  4:31  Drone x2  
  72  4:32  Drone  
  72  4:33  Hatchery  
  72  4:34  Drone  
  73  4:40  Overlord  
  73  4:44  Drone x3, Baneling Nest  
  75  4:48  Overlord  
  75  4:52  Extractor x2, Drone  
  75  4:53  Evolution Chamber x2  
  75  4:54  Drone x3  
  75  4:55  Drone  
  75  4:59  Drone x3  
  79  5:00  Overlord  
  79  5:02  Drone  
  79  5:03  Drone x2  
  82  5:08  Lair, Overlord  
  82  5:10  Zergling x2  
  82  5:13  Zergling x2  
  84  5:17  Overlord  
  84  5:21  Zergling x4  
  86  5:24  Extractor, Queen  
  86  5:25  Extractor, Queen  
  86  5:28  Baneling x5  
  88  5:29  Zergling x8  
  88  5:32  Zergling x6  
  88  5:34  Overlord  
  95  5:37  Drone  
  95  5:39  Zerg Ground Armor Level 1, Zergling x2  
  95  5:42  Zergling x6  
  100  5:45  Zerg Melee Weapons Level 1  
  100  5:48  Overlord  
  100  5:49  Drone  
  101  5:53  Zergling x8  
  101  5:57  Overlord  
  105  5:58  Zergling x6  
  108  6:06  Drone x4  
  108  6:08  Drone  
  108  6:11  Queen x2  
  113  6:14  Queen  
  113  6:17  Drone x2  
  113  6:18  Drone x2  
  121  6:20  Drone  
  121  6:25  Overlord  
  122  6:30  Baneling x5, Centrifical Hooks  
  122  6:32  Zergling x8  
  126  6:37  Drone x3  
  129  6:42  Drone x7  
  129  6:46  Spore Crawler  
  135  6:50  Zergling x8  
  137  6:54  Zergling x6  
  137  6:58  Zergling x2  
  137  6:59  Zergling x6  
  143  7:03  Queen x3  
  143  7:05  Queen  
  143  7:07  Overlord  
  151  7:12  Zergling x2  
  151  7:13  Zergling x10  
  157  7:17  Overlord  
  157  7:26  Baneling x5  
  157  7:29  Zergling x18  
  166  7:34  Zerg Ground Armor Level 2  
  166  7:36  Baneling x4  
  166  7:38  Drone  
  166  7:39  Hatchery, Pneumatized Carapace, Burrow  
  166  7:40  Drone  
  166  7:43  Zerg Melee Weapons Level 2  
  167  7:48  Overlord  
  161  7:56  Zergling x24  
  171  8:02  Overlord  
  171  8:04  Drone  
  167  8:14  Hatchery  
  167  8:16  Hatchery  
  167  8:17  Zergling x30  
  167  8:19  Baneling x4  
  179  8:20  Overlord  
  179  8:23  Extractor  
  179  8:24  Overlord  
  179  8:25  Infestation Pit  
  177  8:28  Baneling x4, Hydralisk Den  
  174  8:36  Zergling x14  
  174  8:38  Baneling x5  
  178  8:44  Zergling x4  
  175  8:49  Overlord  
  175  8:54  Extractor  
  175  8:55  Drone x3  
  177  8:56  Drone x3, Extractor  
  177  9:00  Lurker Den, Zergling x2  
  177  9:01  Zergling x18  
  180  9:11  Drone x3  
  180  9:13  Overlord, Hive  
  180  9:14  Baneling  
  180  9:15  Baneling x13  
  180  9:16  Zergling x2  
  184  9:22  Zergling x2  
  184  9:23  Zergling x8  
  184  9:24  Baneling x10  
  189  9:26  Drone x3  
  189  9:27  Drone  
  189  9:30  Spore Crawler  
  183  9:38  Zergling x22  
  175  9:48  Zergling x12  
  175  9:50  Baneling x8  
  175  9:57  Zergling x14  
  182  10:04  Overseer x2  
  182  10:06  Zergling x16  
  184  10:16  Drone x10  
  189  10:23  Hydralisk x4  
  189  10:25  Muscular Augments  
  197  10:29  Seismic Spines  
  166  10:44  Zergling x34  
  166  10:48  Zergling x2  
  166  10:49  Baneling x14  
  183  10:56  Extractor, Hydralisk x4  
  190  10:57  Extractor  
  172  11:13  Zergling x12  
  172  11:17  Zergling x8  
  139  11:19  Zergling x2  
Tags
 
Add a new tag
Caveats
  • Supply blocks, unpowered buildings, or Contaminate may cause inaccurate times.
  • Supply counts are checked every 10 seconds.